 Dungeon Crawl Stone Soup version 0.30-a0-122-g2a1322497e (webtiles) character file.

Game seed: 4197064085557110046

245640 blackman the Slayer (level 19, -3/188 (189) HPs)
             Began as a Minotaur Chaos Knight on Sept 17, 2022.
             Was the Champion of Jiyva.
             Slain by a ghost moth (8 damage)
             ... on level 4 of the Spider Nest.
             The game lasted 01:57:58 (31824 turns).

blackman the Slayer (Minotaur Chaos Knight)        Turns: 31824, Time: 01:58:02

HP:   -3/188 (189)  AC: 28    Str: 37    XL:     19   Next: 18%
MP:   0/26          EV:  8    Int: 16    God:    Jiyva [******]
Gold: 2319          SH: 33    Dex: 15    Spells: 18/18 levels left

rFire   + . .      SeeInvis +    c - +0 war axe (vamp)
rCold   . . .      Faith    +    i - +7 tower shield
rNeg    + + .      Spirit   .    k - +0 plate armour of the Freezing God {Will+ Regen+ Dex+3 SInv}
rPois   +          Reflect  .    f - +1 hat {Will+}
rElec   +          Harm     .    j - +2 cloak {Will+}
rCorr   +          Rampage  .    u - +1 pair of gloves of Twilight {Str+6 Int-4}
Will    ++++.                    a - +1 pair of boots "Arghocruo" {rPois rF+ Stlth-}
Stlth   ..........               Y - amulet of the Sunfish {Faith +Blink rElec Int+5 Dex-5}
HPRegen 2.81/turn                v - ring "Qezecsig" {Wiz Drain rN++ rCorr Str+4}
MPRegen 0.70/turn                h - ring "Dirawn" {Str+5 Int+6 Dex-2}

@: spiked, slowed, studying Dodging, lightly drained, very slow
A: horns 2, retaliatory headbutt, iridescent scales 1, large bone plates 1, thin
skeletal structure 3, wild magic 1, eyeballs 3, jelly absorbing missiles
}: 1/15 runes: abyssal
a: Renounce Religion, Evoke Blink, Oozemancy, Slimify


You were on level 4 of the Spider Nest.
You worshipped Jiyva.
Jiyva was exalted by your worship.
You visited 5 branches of the dungeon, and saw 27 of its levels.
You visited the Abyss 2 times.
You also visited: Sewer, Bailey and Gauntlet.

You collected 2988 gold pieces.
You spent 669 gold pieces at shops.

Inventory:

Hand Weapons
 c - a +0 vampiric war axe (weapon)
 D - a +1 spectral eveningstar
 Z - the +5 broad axe of Teig {flame, rCorr Int+3}
   (You took it off a deep elf archer on level 3 of the Elven Halls)

   It burns those it strikes, dealing additional fire damage.
   Big, fiery blades are also staple armaments of hydra-hunters.
   Int:       It affects your intelligence (+3).
   rCorr:     It protects you from acid and corrosion.
Missiles
 o - 6 boomerangs of dispersal
 t - a throwing net
 Q - 2 curare-tipped darts
Armour
 a - the +1 pair of boots "Arghocruo" (worn) {rPois rF+ Stlth-}
   (Xom gifted it to you on level 1 of the Lair of Beasts)

   rF:        It protects you from fire.
   rPois:     It protects you from poison.
   Stlth:     It makes you less stealthy.
 b - a +2 pair of gloves of infusion
 f - a +1 hat of willpower (worn)
 g - the +1 ice dragon scales of the Bulwark {rF- rC++ Regen+ Int+4}
   (You found it in a Gauntlet)

   Int:       It affects your intelligence (+4).
   rF:        It makes you vulnerable to fire.
   rC:        It greatly protects you from cold.
   Regen:     It increases your rate of health regeneration.
 i - a +7 tower shield (worn)
 j - a +2 cloak of willpower (worn)
 k - the +0 plate armour of the Freezing God (worn) {Will+ Regen+ Dex+3 SInv}
   (You bought it in a shop on level 2 of the Orcish Mines)

   Dex:       It affects your dexterity (+3).
   SInv:      It lets you see invisible.
   Regen:     It increases your rate of health regeneration.
   Will:      It increases your willpower.
 u - the +1 pair of gloves of Twilight (worn) {Str+6 Int-4}
   (You found it on level 1 of the Spider Nest)

   Str:       It affects your strength (+6).
   Int:       It affects your intelligence (-4).
 M - a +1 pair of gloves of strength
Jewellery
 h - the ring "Dirawn" (right hand) {Str+5 Int+6 Dex-2}
   (You found it in a Gauntlet)

   [ring of intelligence]

   Str:       It affects your strength (+5).
   Int:       It affects your intelligence (+6).
   Dex:       It affects your dexterity (-2).
 v - the ring "Qezecsig" (left hand) {Wiz Drain rN++ rCorr Str+4}
   (You found it on level 5 of the Dungeon)

   [ring of wizardry]

   It improves your spell success rate.
   Str:       It affects your strength (+4).
   rN:        It greatly protects you from negative energy.
   rCorr:     It protects you from acid and corrosion.
   Drain:     It drains your maximum health when unequipped.
 S - a ring of protection from fire
 U - a ring of poison resistance
 V - a ring of protection from cold
 X - an amulet of magic regeneration
 Y - the amulet of the Sunfish (around neck) {Faith +Blink rElec Int+5 Dex-5}
   (You found it in a Gauntlet)

   [amulet of faith]

   It allows you to gain divine favour quickly.
   Int:       It affects your intelligence (+5).
   Dex:       It affects your dexterity (-5).
   rElec:     It insulates you from electricity.
   +Blink:    It lets you blink.
Wands
 m - a wand of roots (3)
 y - a wand of digging (11)
 B - a wand of flame (13)
 K - a wand of mindburst (12)
Scrolls
 r - 6 scrolls of fear
 w - 3 scrolls of magic mapping
 x - 4 scrolls of fog
 z - 9 scrolls of enchant weapon
 C - 3 scrolls of immolation
 E - a scroll of blinking
 L - 4 scrolls of summoning
 P - 3 scrolls of poison
 T - 2 scrolls of identify
Potions
 d - 3 potions of heal wounds
 e - 12 potions of curing
 l - 3 potions of resistance
 p - 7 potions of mutation
 q - 3 potions of ambrosia
 s - 2 potions of invisibility
 F - 3 potions of might
 H - 7 potions of brilliance
 I - 4 potions of haste
 J - 3 potions of cancellation
 O - 4 potions of lignification
 R - 6 potions of attraction
 W - a potion of berserk rage
Miscellaneous
 n - a lightning rod (4/4)
 A - a condenser vane
 G - a phantom mirror


   Skills:
 - Level 21.2 Fighting
 - Level 15.2(18.2) Axes
 - Level 16.4(18.8) Polearms
 * Level 14.2 Armour
 - Level 1.1 Dodging
 - Level 20.2 Shields
 - Level 10.8 Invocations
 - Level 6.8 Evocations


You had 18 spell levels left.
You didn't know any spells.
Your spell library contained the following spells:

 Spells                   Type           Power      Damage    Failure   Level
 Apportation              Tloc           0%         N/A       67%         1
 Beastly Appendage        Tmut           0%         N/A       67%         1
 Foxfire                  Conj/Fire      0%         2x1d4     67%         1
 Magic Dart               Conj           0%         1d3       67%         1
 Necrotise                Necr           0%         1d4       67%         1
 Sandblast                Erth           0%         2d4       67%         1
 Summon Small Mammal      Summ           0%         N/A       67%         1
 Blink                    Tloc           0%         N/A       80%         2
 Ensorcelled Hibernation  Hex/Ice        0%         N/A       80%         2
 Passwall                 Tmut/Erth      0%         N/A       80%         2
 Searing Ray              Conj           0%         2d4       80%         2
 Sublimation of Blood     Necr           0%         N/A       80%         2
 Wereblood                Tmut           0%         N/A       80%         2
 Call Canine Familiar     Summ           0%         N/A       95%         3
 Dazzling Flash           Conj/Hex       0%         N/A       95%         3
 Frozen Ramparts          Ice            0%         1d1       95%         3
 Gell's Gravitas          Tloc           0%         N/A       95%         3
 Ignite Poison            Fire/Tmut/Pois 0%         N/A       95%         3
 Inner Flame              Hex/Fire       0%         N/A       95%         3
 Kindle Blastsparks       Fire/Tloc/Air  0%         2d10      95%         3
 Lesser Beckoning         Tloc           0%         N/A       95%         3
 Ozocubu's Armour         Ice            0%         N/A       95%         3
 Portal Projectile        Hex/Tloc       0%         N/A       95%         3
 Spider Form              Tmut/Pois      0%         N/A       95%         3
 Stone Arrow              Conj/Erth      0%         3d7       95%         3
 Summon Guardian Golem    Hex/Summ       0%         N/A       95%         3
 Swiftness                Air            0%         N/A       95%         3
 Teleport Other           Tloc           0%         N/A       95%         3
 Animate Armour           Summ/Erth      0%         N/A       100%        4
 Animate Dead             Necr           0%         N/A       100%        4
 Flame Wave               Conj/Fire      0%         2d4       100%        4
 Fulminant Prism          Conj/Hex       0%         3d6       100%        4
 Ice Form                 Ice/Tmut       0%         N/A       100%        4
 Leda's Liquefaction      Hex/Erth       0%         N/A       100%        4
 Manifold Assault         Tloc           0%         N/A       100%        4
 Petrify                  Tmut/Erth      0%         N/A       100%        4
 Sticky Flame             Conj/Fire      0%         2d3       100%        4
 Summon Ice Beast         Ice/Summ       0%         N/A       100%        4
 Agony                    Necr           0%         N/A       100%        5
 Alistair's Intoxication  Tmut/Pois      0%         N/A       100%        5
 Arcjolt                  Conj/Air       0%         1d10      100%        5
 Blade Hands              Tmut           0%         N/A       100%        5
 Borgnjor's Vile Clutch   Necr/Erth      0%         N/A       100%        5
 Irradiate                Conj/Tmut      0%         3d11      100%        5
 Metabolic Englaciation   Hex/Ice        0%         N/A       100%        5
 Silence                  Hex/Air        0%         N/A       100%        5
 Summon Forest            Summ/Tloc      0%         N/A       100%        5
 Death Channel            Necr           0%         N/A       100%        6
 Dispersal                Tloc           0%         N/A       100%        6
 Eringya's Noxious Bog    Tmut/Pois      0%         N/A       100%        6
 Simulacrum               Ice/Necr       0%         N/A       100%        6
 Dragon Form              Tmut           0%         N/A       100%        7
 Ozocubu's Refrigeration  Ice            0%         4d7       100%        7
 Summon Hydra             Summ           0%         N/A       100%        7
 Lehudib's Crystal Spear  Conj/Erth      0%         10d2      100%        8
 Dragon's Call            Summ           0%         N/A       100%        9


Dungeon Overview and Level Annotations

Branches:
Dungeon (13/15)            Temple (0/1) D:6            Lair (5/5) D:9
  Swamp (0/4) Lair:3       Spider (4/4) Lair:2        Slime (0/5) Lair:4
    Orc (2/2) D:9             Elf (3/3) Orc:2         Sewer (visited)
 Bailey (visited)         Gauntlet (visited)
 Vaults: D:13-14

Altars:
Ashenzari
Cheibriados
Fedhas
Gozag
Kikubaaqudgha
Qazlal
Vehumet
Wu Jian
Xom
Zin
Jiyva
Lugonu

Shops:
D:7 *   Orc:1 :   Orc:2 :[*(   Elf:2 (

Portals:
Abyss: Orc:1

Annotations:
D:8 1 runed translucent door, pokeman's ghost, novice DEHW
D:13 3 runed translucent doors, SigmundSlayer's ghost, journeyman DsEE


Innate Abilities, Weirdness & Mutations

You have a pair of horns on your head.
You reflexively headbutt those who attack you in melee.
You are partially covered in iridescent scales. (AC +2)
You are partially covered in large bone plates. (SH +4)
You have an unnaturally thin skeletal structure. (Dex +6, Stealth+++)
Your spells are a little harder to cast, but a little more powerful.
Your body is covered in eyes which may confuse attackers. (Acc +7, SInv)
You have a small jelly attached to you that may absorb projectiles.


Message History

A freezing mist starts to gather...
A spark wasp simulacrum comes into view.
The orb spider is no longer moving slowly.
The orb spider dies!
A freezing mist starts to gather...
The emperor scorpion stings you!!
* * * LOW HITPOINT WARNING * * *
The emperor scorpion barely misses you.
You block the emperor scorpion's attack.
You block the steelbarb worm's attack.
The culicivora simulacrum evades a web.
You block the ghost moth's attack.
The ghost moth hits you but does no damage.
You block the ghost moth's attack.
The wolf spider simulacrum is caught in a web!
The jorogumo stares at you and mumbles some strange words.
The bolt of negative energy hits you. You partially resist.
You feel drained.
* * * LOW HITPOINT WARNING * * *
The emperor scorpion stings you.
* * * LOW HITPOINT WARNING * * *
The emperor scorpion claws you but does no damage.
The emperor scorpion completely misses you.
An orb spider simulacrum comes into view.
You hit the emperor scorpion.
You feel better.
The emperor scorpion is severely wounded.
You closely miss the jorogumo.
You hit the steelbarb worm but do no damage.
You slice the wolf spider simulacrum!! You barely miss the ghost moth.
You slash the tarantella simulacrum! The emperor scorpion stings you!
* * * LOW HITPOINT WARNING * * *
You block the emperor scorpion's attack. x2
The tarantella simulacrum hits you but does no damage.
The steelbarb worm hits you!!
* * * LOW HITPOINT WARNING * * *
Barbed spikes become lodged in your body.
The ghost moth stares at you.
You feel your power leaking away. The ghost moth hits you!
* * * LOW HITPOINT WARNING * * *
You block the ghost moth's attack. The ghost moth stings you!
You die...
Xom laughs nastily!

.. ..... ^^######## .....
...^...~~######## ......
^..........^^^^≈#####^.. ..
.........^#..^..~.^~Z^##~..
..^............^^..........
.........†#.......†........
.^.^....^..^^...yHs††.....°
.~########.....s@wyZs......
^...^...####^.Z.ZZ##^~.~...
.......## ###.^^## ^##....
......## ##### .~ ...
......# ... .. .....## ....
. .....# ..... .....#
###~^#


You could see an emperor scorpion (berserk, soul bound), a jorogumo (soul
bound), 2 ghost moths, a steelbarb worm (soul bound), 2 redbacks, a wolf spider
simulacrum (webbed), an orb spider simulacrum, a tarantella simulacrum, a spark
wasp simulacrum and a culicivora simulacrum.

Vanquished Creatures
  Rupert (Lair:3)
  A deep elf blademaster (Elf:3)
  Asterion (Elf:3)
  2 deep elf master archers (Elf:3)
  An Executioner (Abyss:1)
  6 tentacled starspawn
  Gastronok (D:11)
  Kirke (Lair:3)
  7 deep elf sorcerers
  Aizul (Spider:3)
  An orc warlord (Orc:2)
  2 ghost moths
  3 broodmothers
  3 deep elf elementalists (Elf:3)
  9 deep elf demonologists
  Azrael (Elf:2)
  10 deep elf annihilators
  2 entropy weavers
  2 dire elephants (Abyss:3)
  A bunyip (Abyss:2)
  3 spark wasps
  5 deep elf death magi
  4 deep elf high priests
  2 rakshasas (Abyss:2)
  An ice dragon (Lair:5)
  6 hydras
  4 radroaches
  3 boulder beetles
  A catoblepas (D:13)
  A centaur warrior (D:13)
  2 two-headed ogres (D:10)
  2 death scarabs
  21 dancing weapons
  6 thrashing horrors
  5 orc high priests (Orc:2)
  Nergalle (Lair:3)
  Urug (D:11)
  A sun demon (Abyss:1)
  4 wretched stars
  A spectral death yak (Gauntlet)
  3 skeletal warriors (D:13)
  20 deep elf knights
  A spectral catoblepas (Gauntlet)
  5 pharaoh ants
  Amaemon (Lair:1)
  A spatial maelstrom (Abyss:3)
  A death drake (Lair:1)
  18 deep elf archers
  4 steelbarb worms
  An orange crystal statue (Lair:2)
  4 orb spiders
  A lindwurm (Lair:5)
  7 orc knights
  22 deep elf zephyrmancers
  17 wolf spiders
  A harpy (D:10)
  29 deep elf pyromancers
  2 wolf spider zombies (D:13)
  4 orc sorcerers
  An ugly thing (D:11)
  3 oklob plants
  A shining eye (shapeshifter) (Lair:3)
  4 moths of wrath
  An elephant (Abyss:3)
  2 worldbinders (Abyss:2)
  Joseph (D:8)
  4 smoke demons
  7 black mambas
  6 centaur zombies (D:13)
  12 cane toads
  An ice statue (Gauntlet)
  3 gargoyles
  7 torpor snails
  An orange demon (Lair:1)
  A kobold demonologist (D:9)
  A centaur skeleton (Abyss:1)
  11 komodo dragons
  Psyche (D:8)
  An ice devil (Abyss:1)
  4 demonic crawlers
  An efreet (Abyss:3)
  4 rime drakes
  A komodo dragon (shapeshifter) (D:7)
  6 starcursed masses (Abyss:2)
  A tormentor (Abyss:2)
  A yaktaur (Lair:5)
  9 ancient zymes
  10 trolls
  The ghost of MisterAzrael the Magician, a novice DEHW of Sif Muna (D:7)
  6 meliai
  A polar bear (shapeshifter) (Lair:1)
  20 tarantellas
  4 tyrant leeches (Lair:5)
  6 hornets (Lair:5)
  A polar bear (Lair:2)
  2 meliai zombies (D:13)
  5 raiju
  8 blink frogs
  Sigmund (D:5)
  19 jumping spiders
  2 vampires (D:13)
  81 yaks
  5 shadows
  2 air elementals
  4 wraiths
  4 wyverns
  A water elemental (Elf:3)
  An elf zombie (Elf:3)
  24 culicivoras
  4 ynoxinuls
  4 fire elementals
  6 vampire mosquitoes (D:12)
  3 fire bats (Abyss:2)
  A steam dragon (Lair:1)
  4 neqoxecs
  5 basilisks
  38 redbacks
  3 wargs
  13 large abominations
  3 acid dragons
  10 water moccasins
  8 hell hounds
  28 orc warriors
  3 ice beasts
  3 black bears
  An ogre (shapeshifter) (Lair:5)
  13 ogres
  21 wolves
  2 centaurs
  A phantom (D:5)
  16 small abominations
  3 kobold brigands
  14 bullfrogs
  5 earth elementals
  5 necrophages
  A gnoll sergeant (D:12)
  4 scorpions
  15 wights
  10 killer bees
  3 howler monkeys (D:11)
  2 lava snakes (Lair:2)
  4 quasits
  A hound (D:5)
  3 jellies
  12 orc priests
  A gnoll bouda (D:9)
  An iron imp (Abyss:3)
  4 hell rats (Lair:1)
  7 iguanas
  14 orc wizards
  17 gnolls
  6 river rats
  10 adders
  A white imp (Abyss:3)
  2 ufetubi
  A worm (D:3)
  5 dart slugs
  61 orcs
  5 endoplasms
  4 giant cockroaches
  11 goblins
  12 hobgoblins
  4 jackals
  4 quokkas
  23 ball pythons
  5 bats
  3 frilled lizards
  31 kobolds
  31 rats
  A lurking horror (Orc:1)
  6 starspawn tentacles
1118 creatures vanquished.

Vanquished Creatures (collateral kills)
  A deep elf knight (Elf:2)
  A wolf spider zombie (D:13)
  A hog (Lair:3)
  A steam dragon (D:8)
  A spatial vortex (Abyss:3)
  An orc warrior (Bailey)
  2 orcs (Bailey)
8 creatures vanquished.

Vanquished Creatures (others)
  A deep elf blademaster (Elf:3)
  A deep elf elementalist (Elf:2)
  A deep elf demonologist (Elf:3)
  A deep elf death mage (Elf:3)
  A dancing weapon (Elf:3)
  A death scarab (Gauntlet)
  A deep elf knight (Elf:2)
  An orb spider (Spider:4)
  A bog body (Lair:3)
  Pikel (D:4)
  A deep elf zephyrmancer (Elf:2)
  A deep elf pyromancer (Elf:3)
  A salamander (Orc:2)
  2 oklob plants (Lair:4)
  A smoke demon (Abyss:2)
  2 spectral black mambas (Gauntlet)
  2 jumping spiders (Spider:4)
  A water elemental (Elf:2)
  3 golden eyes (Abyss:3)
  2 humans (Lair:3)
  An acid dragon (D:13)
  A small abomination (Abyss:2)
  An orc warrior (Orc:2)
  A lemure (D:4)
  59 jellies
  2 orc priests (Orc:1)
  2 orc wizards (Orc:2)
  A killer bee zombie (D:9)
  A river rat (Orc:2)
  A white imp (Abyss:1)
  5 orcs
  A dart slug zombie (D:3)
  A kobold (D:4)
  2 demonic plants (D:1)
  46 fungi
  A lurking horror (Orc:1)
  59 plants
  13 starspawn tentacles
224 creatures vanquished.

Grand Total: 1350 creatures vanquished

Notes
Turn   | Place    | Note
-------+----------+-------------------------------------------
     0 | D:1      | blackman the Minotaur Chaos Knight began the quest for the
                  | Orb.
     0 | D:1      | Reached XP level 1. HP: 19/19 MP: 0/0
    25 | D:1      | XOM: silly message
   239 | D:1      | Reached XP level 2. HP: 22/26 MP: 1/1
   390 | D:1      | XOM: divination: detect items
   391 | D:1      | XOM: silly message
  1032 | D:1      | Found a faded altar of an unknown god.
  1056 | D:2      | Reached skill level 5 in Axes
  1105 | D:2      | Reached XP level 3. HP: 31/31 MP: 2/2
  1117 | D:2      | XOM: divination: detect items
  1239 | D:2      | XOM: silly message
  1255 | D:2      | XOM: divination: magic mapping
  1399 | D:2      | XOM: chaos upgrade
  1953 | D:3      | Reached XP level 4. HP: 37/39 MP: 3/3
  2079 | D:3      | XOM: divination: detect items
  2185 | D:3      | Found a glowing drain.
  2202 | Sewer    | Entered a sewer
  2239 | Sewer    | Reached XP level 5. HP: 40/45 MP: 4/4
  2286 | Sewer    | XOM: smoke on damage
  2739 | Sewer    | XOM: scenery: create altars
  2837 | Sewer    | XOM: give mutations
  2837 | Sewer    | Gained mutation: You have supernaturally acute eyesight.
                  | (SInv) [Xom's mischief]
  2837 | Sewer    | Lost mutation: You have supernaturally acute eyesight.
                  | (SInv) [Xom's mischief]
  2837 | Sewer    | Gained mutation: Armour fits poorly on your strangely
                  | shaped body. [Xom's mischief]
  2922 | Sewer    | Reached XP level 6. HP: 26/51 MP: 5/5
  2957 | Sewer    | Lost mutation: Armour fits poorly on your strangely shaped
                  | body. [potion of mutation]
  2957 | Sewer    | Gained mutation: Your mind is acute. (Int +4, Str/Dex -1)
                  | [potion of mutation]
  2957 | Sewer    | Gained mutation: You are partially covered in iridescent
                  | scales. (AC +2) [potion of mutation]
  2957 | Sewer    | Gained mutation: You have sharp toenails. [potion of
                  | mutation]
  2957 | Sewer    | Gained mutation: You possess an exceptional clarity of
                  | mind. [potion of mutation]
  3045 | D:3      | Found a snail-covered altar of Cheibriados.
  3103 | D:3      | XOM: polymorph endoplasm -> orc
  3475 | D:4      | Found an ancient bone altar of Kikubaaqudgha.
  3719 | D:4      | XOM: give mutation
  3719 | D:4      | Gained mutation: You expend magic power (3 MP) to
                  | strengthen your wands. [Xom's grace]
  3966 | D:4      | Found a large runed translucent door.
  3966 | D:4      | Found a large runed translucent door.
  3971 | D:4      | Noticed Pikel
  3973 | D:4      | Found a shimmering altar of Xom.
  4090 | D:4      | XOM: god gift: falchion {god gift}
  4233 | D:4      | Reached XP level 7. HP: 57/57 MP: 6/6
  4237 | D:4      | Identified the +4 trident "Xuth" {chaos, +Blink}
  4239 | D:4      | XOM: polymorph orc -> adder
  4291 | D:4      | Found an ornate altar of the Wu Jian Council.
  4641 | D:4      | Reached skill level 1 in Polearms
  4687 | D:5      | Entered Level 5 of the Dungeon
  4705 | D:5      | XOM: 10-stop teleportation journey
  4711 | D:5      | Identified the ring "Qezecsig" {Wiz Drain rN++ rCorr Str+4}
  4729 | D:5      | XOM: enchant monster (good)
  4778 | D:5      | XOM: chaos cloud
  4853 | D:5      | XOM: scenery: create altars
  4989 | D:5      | XOM: summons 7 friendly demons
  4993 | D:5      | Reached skill level 5 in Polearms
  5027 | D:5      | Noticed Sigmund
  5037 | D:5      | Killed Sigmund
  5038 | D:5      | Reached XP level 8. HP: 55/64 MP: 7/7
  5239 | D:6      | XOM: fog
  5437 | D:4      | Killed Pikel
  5437 | D:4      | XOM: divine lightning
  5438 | D:4      | Reached skill level 10 in Polearms
  5582 | D:4      | XOM: give mutation
  5582 | D:4      | Gained mutation: Your flesh is cold resistant. (rC+) [Xom's
                  | grace]
  5685 | D:6      | Identified the ring "Lizeewa" {+Blink rN+ SInv}
  5741 | D:6      | Found a staircase to the Ecumenical Temple.
  5750 | D:6      | Reached XP level 9. HP: 70/70 MP: 8/8
  5762 | D:6      | XOM: divination: magic mapping
  5905 | D:6      | XOM: cloud trail
  5906 | D:6      | Found an opulent altar of Gozag.
  5974 | D:6      | XOM: give mutations
  5974 | D:6      | Gained mutation: You are partially covered in large bone
                  | plates. (SH +4) [Xom's grace]
  5974 | D:6      | Gained mutation: You have supernaturally acute eyesight.
                  | (SInv) [Xom's grace]
  5974 | D:6      | Gained mutation: You are strong-willed. (Will+) [Xom's
                  | grace]
  5974 | D:6      | Gained mutation: Your flesh is very cold resistant. (rC++)
                  | [Xom's grace]
  6081 | D:7      | Noticed a komodo dragon
  6081 | D:7      | a shapeshifter changed into a komodo dragon
  6083 | D:7      | Killed a komodo dragon
  6280 | D:7      | XOM: enchant monster (good)
  6284 | D:7      | XOM: scenery: summon butterflies
  6292 | D:8      | XOM: summons 5 friendly demons
  6328 | D:8      | XOM: 4-stop teleportation journey
  6363 | D:7      | Found a flagged portal.
  6383 | Bailey   | Entered a bailey
  6411 | Bailey   | XOM: 2-stop teleportation journey
  6739 | Bailey   | Reached skill level 12 in Fighting
  6739 | Bailey   | Reached XP level 10. HP: 99/100 MP: 9/9
  6751 | Bailey   | XOM: silly message
  7010 | Bailey   | Noticed an orc knight
  7010 | Bailey   | Noticed an orc knight
  7022 | Bailey   | Killed an orc knight
  7028 | Bailey   | Killed an orc knight
  7029 | Bailey   | Reached XP level 11. HP: 67/105 MP: 10/10
  7076 | D:7      | XOM: swap monsters
  7242 | D:7      | XOM: stat loss: -1 Str (22/23)
  7417 | D:7      | Found Empichij's Assorted Antiques.
  7421 | D:7      | Bought a scroll labelled DODERGHOXEZ for 28 gold pieces
  7421 | D:7      | Bought a glowing puce potion for 25 gold pieces
  7448 | D:7      | Got the Directory of Twisted Arcane Weapons
  7762 | D:7      | Found a large runed translucent door.
  7762 | D:7      | Found a large runed translucent door.
  7767 | D:7      | Noticed MisterAzrael's ghost (novice DEHW)
  7778 | D:7      | Killed MisterAzrael's ghost
  7854 | D:8      | Found a broken altar of Ashenzari.
  7944 | D:8      | Reached skill level 15 in Polearms
  8089 | D:8      | Found a glowing silver altar of Zin.
  8094 | D:8      | Found a runed translucent door.
  8098 | D:8      | Noticed pokeman's ghost (novice DEHW)
  8171 | D:8      | XOM: potion effect (might)
  8308 | D:8      | Noticed Psyche
  8314 | D:8      | Killed Psyche
  8399 | D:8      | Noticed Joseph
  8400 | D:8      | XOM: divination: detect items
  8406 | D:8      | XOM: noise
  8410 | D:8      | Killed Joseph
  8603 | D:8      | Reached skill level 5 in Armour
  8791 | D:8      | XOM: give mutations
  8791 | D:8      | Lost mutation: Your flesh is very cold resistant. (rC++)
                  | [Xom's mischief]
  8791 | D:8      | Lost mutation: You have sharp toenails. [Xom's mischief]
  8791 | D:8      | Gained mutation: You occasionally lose the ability to read
                  | scrolls when taking damage. [Xom's mischief]
  8972 | D:9      | Found a blossoming altar of Fedhas.
  9290 | D:9      | XOM: fake destruction
  9292 | D:9      | Found a staircase to the Lair.
  9292 | D:9      | XOM: snakes to sticks
  9296 | D:9      | XOM: enchant monster (bad)
  9312 | D:9      | XOM: summons 6 hostile demons
  9319 | Lair:1   | Entered Level 1 of the Lair of Beasts
  9555 | D:9      | XOM: cloud trail
  9923 | D:9      | XOM: cleaving
  9928 | D:9      | Noticed a soul eater
 10141 | D:9      | Found a staircase to the Orcish Mines.
 10293 | D:10     | Entered Level 10 of the Dungeon
 10302 | D:10     | XOM: scenery: create altars
 10525 | D:10     | XOM: god gift: atropa-tipped dart
 10526 | D:10     | Found a radiant altar of Vehumet.
 10566 | D:10     | XOM: cloud trail
 10619 | D:10     | Reached skill level 10 in Armour
 10664 | D:10     | Noticed a two-headed ogre
 10671 | D:10     | Killed a two-headed ogre
 10676 | D:10     | Noticed a two-headed ogre
 10683 | D:10     | Killed a two-headed ogre
 10684 | D:10     | Reached skill level 13 in Fighting
 10684 | D:10     | Reached XP level 12. HP: 105/115 MP: 11/11
 10933 | D:10     | XOM: summons friendly shadow imp
 10935 | D:10     | XOM: confuse monster(s)
 11126 | D:10     | Identified the +8 spear of Qazlal's Displeasure {spect,
                  | +Blink}
 11245 | D:11     | Noticed Gastronok
 11245 | D:11     | XOM: 4-stop teleportation journey
 11250 | D:11     | Noticed Urug
 11488 | D:11     | XOM: 5-stop teleportation journey
 11607 | D:11     | XOM: give mutations
 11607 | D:11     | Gained mutation: You are somewhat resistant to further
                  | mutation. [Xom's grace]
 11607 | D:11     | Lost mutation: You are somewhat resistant to further
                  | mutation. [Xom's grace]
 11607 | D:11     | Gained mutation: You have hidden genetic potential. [Xom's
                  | grace]
 11680 | D:11     | Killed Urug
 11787 | D:11     | Killed Gastronok
 11992 | D:11     | XOM: give mutations
 11992 | D:11     | Gained mutation: You have a pair of large horns on your
                  | head. [Xom's grace]
 11992 | D:11     | Gained mutation: You are agile. (Dex +4, Str/Int -1) [Xom's
                  | grace]
 12014 | D:11     | XOM: give mutation
 12014 | D:11     | Lost mutation: You occasionally lose the ability to read
                  | scrolls when taking damage. [Xom's mischief]
 12074 | D:11     | Reached skill level 1 in Shields
 12264 | D:12     | Noticed a boulder beetle
 12266 | D:12     | XOM: cast spell 'Summon Hydra'
 12272 | D:12     | XOM: butterfly on damage
 12639 | D:11     | XOM: give mutations
 12639 | D:11     | Lost mutation: You are agile. (Dex +4, Str/Int -1) [Xom's
                  | mischief]
 12639 | D:11     | Gained mutation: You are agile. (Dex +4, Str/Int -1) [Xom's
                  | mischief]
 12639 | D:11     | Lost mutation: You are partially covered in large bone
                  | plates. (SH +4) [Xom's mischief]
 12647 | D:12     | XOM: blink monster(s)
 12681 | D:12     | XOM: repel stairs
 12692 | D:12     | XOM: smoke on damage
 12693 | D:12     | Killed a boulder beetle
 12719 | D:12     | XOM: swap monsters
 12722 | D:12     | Reached skill level 5 in Shields
 13536 | D:12     | XOM: give mutations
 13536 | D:12     | Gained mutation: You are frail. (-10% HP) [Xom's mischief]
 13536 | D:12     | Lost mutation: You have a pair of large horns on your head.
                  | [Xom's mischief]
 13731 | D:13     | XOM: 1-stop teleportation journey
 13746 | D:13     | XOM: blink monster(s)
 13914 | D:13     | XOM: fog
 13975 | D:13     | XOM: torment (34/104 hp)
 14237 | D:13     | Noticed a centaur warrior
 14238 | D:13     | Noticed a catoblepas
 14239 | D:13     | XOM: enchant monster (bad)
 14247 | D:13     | Killed a centaur warrior
 14252 | D:13     | Killed a catoblepas
 14439 | D:13     | Found a runed translucent gate.
 14439 | D:13     | Found a runed translucent gate.
 14440 | D:13     | Found a runed translucent gate.
 14446 | D:13     | Noticed a centaur warrior
 14447 | D:13     | Noticed SigmundSlayer's ghost (journeyman DsEE)
 14448 | D:13     | Noticed a boulder beetle
 14642 | D:13     | XOM: silly message
 14696 | D:13     | Reached XP level 13. HP: 105/110 MP: 12/12
 14727 | D:13     | XOM: summons 5 friendly demons
 14733 | D:13     | XOM: fog
 14742 | D:13     | XOM: 3-stop teleportation journey
 14898 | D:13     | Reached skill level 10 in Shields
 14999 | D:13     | XOM: chaos upgrade
 15011 | D:13     | XOM: swap monsters
 15046 | D:13     | Gained mutation: You are partially covered in large bone
                  | plates. (SH +4) [hidden potential]
 15307 | D:13     | XOM: cleaving
 15543 | D:9      | XOM: give mutation
 15543 | D:9      | Lost mutation: You expend magic power (3 MP) to strengthen
                  | your wands. [Xom's mischief]
 15583 | Lair:1   | XOM: noise
 15596 | Lair:1   | XOM: 4-stop teleportation journey
 15609 | Lair:1   | Identified the +1 pair of boots "Arghocruo" {rPois rF+
                  | Stlth-} (Xom gifted it to you on level 1 of the Lair of
                  | Beasts)
 15609 | Lair:1   | XOM: god gift: +1 pair of boots "Arghocruo" {rPois rF+
                  | Stlth-}
 15620 | Lair:1   | XOM: blink monster(s)
 15623 | Lair:1   | XOM: 1-stop teleportation journey
 15875 | Lair:1   | XOM: blink monster(s)
 15880 | Lair:1   | Noticed Amaemon
 15906 | Lair:1   | XOM: cast spell 'Leda's Liquefaction'
 15929 | Lair:1   | XOM: confuse monster(s)
 15934 | Lair:1   | Killed Amaemon
 15940 | Lair:1   | XOM: fog
 16055 | Lair:1   | XOM: god gift: +0 spear of chaos
 16293 | Lair:1   | XOM: blink monster(s)
 16397 | Lair:1   | XOM: blink monster(s)
 16408 | Lair:1   | XOM: summons 4 hostile shadow creatures
 16424 | Lair:1   | XOM: cleaving
 16515 | Lair:1   | XOM: give mutations
 16515 | Lair:1   | Lost mutation: You are frail. (-10% HP) [Xom's grace]
 16515 | Lair:1   | Gained mutation: You are highly strong-willed. (Will++)
                  | [Xom's grace]
 16586 | Lair:1   | XOM: god gift: +2 pair of gloves of infusion
 16878 | Lair:1   | XOM: give mutation
 16878 | Lair:1   | Gained mutation: You are weak. (Str -2) [Xom's mischief]
 16944 | Lair:1   | XOM: give mutations
 16944 | Lair:1   | Lost mutation: Your mind is acute. (Int +4, Str/Dex -1)
                  | [Xom's mischief]
 16944 | Lair:1   | Lost mutation: You possess an exceptional clarity of mind.
                  | [Xom's mischief]
 16944 | Lair:1   | Lost mutation: You are highly strong-willed. (Will++)
                  | [Xom's mischief]
 16944 | Lair:1   | Lost mutation: Your flesh is cold resistant. (rC+) [Xom's
                  | mischief]
 16989 | Lair:1   | XOM: summons 7 hostile demons
 17119 | Lair:2   | XOM: polymorph blink frog -> troll
 17124 | Lair:2   | XOM: cast spell 'Leda's Liquefaction'
 17260 | Lair:2   | XOM: polymorph wolf -> bullfrog
 17368 | Lair:2   | XOM: 4-stop teleportation journey
 17424 | Lair:2   | XOM: divination: detect creatures
 17537 | Lair:2   | XOM: scenery: create altars
 17556 | Lair:2   | Found a hole to the Spider Nest.
 17576 | Lair:2   | XOM: give mutations
 17576 | Lair:2   | Gained mutation: You have a beak for a mouth. [Xom's grace]
 17576 | Lair:2   | Gained mutation: You have a pair of large horns on your
                  | head. [Xom's grace]
 17700 | Lair:2   | XOM: potion effect (haste)
 17714 | Lair:2   | Reached skill level 15 in Shields
 17715 | Lair:2   | XOM: silly message
 17725 | Lair:2   | XOM: silly message
 17730 | Lair:2   | XOM: potion effect (experience)
 17730 | Lair:2   | Reached XP level 14. HP: 110/130 MP: 0/13
 17915 | Lair:2   | XOM: silly message
 17924 | Lair:2   | XOM: silly message
 18102 | Lair:2   | XOM: god gift: 41 gold pieces
 18276 | Lair:2   | XOM: god gift: pair of boots {god gift}
 18538 | Lair:3   | Noticed Rupert
 18547 | Lair:3   | XOM: potion effect (haste)
 18568 | Lair:3   | Killed Rupert
 18569 | Lair:3   | Reached XP level 15. HP: 121/137 MP: 0/14
 18734 | Lair:3   | XOM: enchant monster (good)
 19068 | Lair:3   | Noticed Kirke
 19078 | Lair:3   | XOM: smoke on damage
 19083 | Lair:3   | Found a staircase to the Swamp.
 19084 | Lair:3   | XOM: cast spell 'Monstrous Menagerie'
 19092 | Lair:3   | Killed Kirke
 19101 | Lair:3   | Gained mutation: You are mostly covered in iridescent
                  | scales. (AC +4) [hidden potential]
 19101 | Lair:3   | Lost mutation: You have hidden genetic potential. [hidden
                  | potential expressed]
 19102 | Lair:3   | XOM: enchant monster (good)
 19180 | Lair:3   | XOM: noise
 19262 | Lair:3   | XOM: give mutations
 19262 | Lair:3   | Lost mutation: You are weak. (Str -2) [Xom's grace]
 19262 | Lair:3   | Gained mutation: You are completely covered in iridescent
                  | scales. (AC +6) [Xom's grace]
 19305 | Lair:3   | XOM: summons 8 hostile demons
 19511 | Lair:3   | Noticed Nergalle
 19516 | Lair:3   | XOM: god gift: cabochon ring {god gift}
 19522 | Lair:3   | Killed Nergalle
 19641 | Lair:3   | XOM: give mutation
 19641 | Lair:3   | Gained mutation: You have hidden genetic potential. [Xom's
                  | grace]
 20004 | Lair:4   | Identified the +5 long sword of Zin's Approval {vorpal,
                  | rF+}
 20023 | Lair:4   | XOM: give mutations
 20023 | Lair:4   | Lost mutation: You have hidden genetic potential. [Xom's
                  | grace]
 20023 | Lair:4   | Gained mutation: You are somewhat resistant to further
                  | mutation. [Xom's grace]
 20023 | Lair:4   | Gained mutation: You expend magic power (3 MP) to
                  | strengthen your wands. [Xom's grace]
 20054 | Lair:4   | Found a gate leading to a gauntlet.
 20079 | Gauntlet | XOM: stealth player
 20079 | Gauntlet | Entered a Gauntlet
 20079 | Gauntlet | Found a transporter.
 20079 | Gauntlet | Found a transporter.
 20102 | Gauntlet | Found a transporter.
 20104 | Gauntlet | Found a transporter.
 20190 | Gauntlet | Found a transporter.
 20202 | Gauntlet | Found a transporter.
 20203 | Gauntlet | Found a transporter.
 20210 | Gauntlet | Found a transporter.
 20226 | Gauntlet | Found a transporter.
 20240 | Gauntlet | Found a transporter.
 20244 | Gauntlet | Found a transporter.
 20252 | Gauntlet | Found a transporter.
 20303 | Gauntlet | Identified the ring "Dirawn" {Str+5 Int+6 Dex-2}
 20482 | Gauntlet | XOM: divination: detect items
 20531 | Gauntlet | XOM: polymorph small abomination -> small abomination
 20549 | Gauntlet | XOM: divine lightning
 20557 | Gauntlet | XOM: cleaving
 20569 | Gauntlet | Identified the amulet of the Sunfish {Faith +Blink rElec
                  | Int+5 Dex-5}
 20597 | Gauntlet | Identified the +8 arbalest of Ru's Grace {vorpal, Dex+2}
 20617 | Gauntlet | Identified the +1 ice dragon scales of the Bulwark {rF-
                  | rC++ Regen+ Int+4}
 20617 | Gauntlet | Identified the -2 helmet of the Shining Light {Str+6}
 20928 | Lair:4   | XOM: god gift: phantom mirror
 20975 | Lair:4   | XOM: cleaving
 21272 | Lair:4   | XOM: scenery: create altars
 21298 | Lair:4   | Found a viscous altar of Jiyva.
 21300 | Lair:4   | Found a staircase to the Slime Pits.
 21334 | Lair:4   | XOM: divine lightning
 21344 | Lair:4   | Fell from the grace of Xom
 21344 | Lair:4   | Became a worshipper of Jiyva Jeadyim the Shapeless
 21955 | Lair:1   | Found a stormy altar of Qazlal.
 21969 | Lair:1   | Reached skill level 14 in Fighting
 22048 | Lair:5   | Entered Level 5 of the Lair of Beasts
 22150 | Lair:5   | Reached * piety under Jiyva
 22225 | Lair:5   | Reached skill level 15 in Fighting
 22418 | Lair:5   | XOM: divination: detect creatures
 22432 | Lair:5   | Reached ** piety under Jiyva
 22512 | Lair:5   | XOM: give mutations
 22512 | Lair:5   | Lost mutation: You have supernaturally acute eyesight.
                  | (SInv) [Xom's mischief]
 22512 | Lair:5   | Gained mutation: Your magical capacity is low. (-10% MP)
                  | [Xom's mischief]
 22600 | Lair:5   | Found a runed translucent door.
 22835 | Lair:5   | Reached skill level 16 in Fighting
 23192 | Orc:1    | Entered Level 1 of the Orcish Mines
 23192 | Orc:1    | Found Zoapsumo's Book Shoppe.
 23205 | Orc:1    | XOM: chaos upgrade
 23232 | Orc:1    | Reached *** piety under Jiyva
 23262 | Orc:1    | Lost mutation: You have a beak for a mouth. [Jiyva's grace]
 23262 | Orc:1    | Lost mutation: You are completely covered in iridescent
                  | scales. (AC +6) [Jiyva's grace]
 23262 | Orc:1    | Lost mutation: Your magical capacity is low. (-10% MP)
                  | [Jiyva's grace]
 23262 | Orc:1    | Lost mutation: You are strong-willed. (Will+) [Jiyva's
                  | grace]
 23262 | Orc:1    | Gained mutation: You have a somewhat thin skeletal
                  | structure. (Dex +2, Stealth+) [Jiyva's grace]
 23262 | Orc:1    | Gained mutation: You have a moderately thin skeletal
                  | structure. (Dex +4, Stealth++) [Jiyva's grace]
 23262 | Orc:1    | Gained mutation: You have an unnaturally thin skeletal
                  | structure. (Dex +6, Stealth+++) [Jiyva's grace]
 23262 | Orc:1    | Gained mutation: You are resistant to electric shocks.
                  | (rElec) [Jiyva's grace]
 23262 | Orc:1    | Found a one-way gate to the infinite horrors of the Abyss.
 23262 | Orc:1    | XOM: 3-stop teleportation journey
 23282 | Orc:1    | Reached skill level 1 in Invocations
 23302 | Orc:1    | Found a corrupted altar of Lugonu.
 23320 | Orc:1    | Voluntarily entered the Abyss.
 23379 | Orc:1    | Escaped the Abyss
 23503 | Orc:2    | Entered Level 2 of the Orcish Mines
 23503 | Orc:2    | Found a staircase to the Elven Halls.
 23522 | Orc:2    | Reached skill level 1 in Evocations
 23675 | Orc:2    | Reached **** piety under Jiyva
 23735 | Orc:2    | Found Geicifoh's Antique Weapon Shoppe.
 23841 | Orc:2    | Reached XP level 16. HP: 151/151 MP: 13/18
 23862 | Orc:2    | Found Heosch's General Store.
 23905 | Orc:2    | XOM: polymorph jelly -> shapeshifter
 23931 | Orc:2    | Found Zocut's Antique Armour Boutique.
 23953 | Orc:2    | Paralysed by an orc sorcerer for 2 turns
 23994 | Orc:2    | Bought a glimmering plate armour for 616 gold pieces
 23994 | Orc:2    | Identified the +0 plate armour of the Freezing God {Will+
                  | Regen+ Dex+3 SInv} (You bought it in a shop on level 2 of
                  | the Orcish Mines)
 24080 | Orc:2    | XOM: polymorph jelly -> river rat
 24125 | Orc:2    | Reached skill level 5 in Invocations
 24156 | Orc:2    | Found Qudimil's Book Emporium.
 24305 | Orc:2    | Lost mutation: You have a pair of large horns on your head.
                  | [Jiyva's grace]
 24305 | Orc:2    | Lost mutation: You have an unnaturally thin skeletal
                  | structure. (Dex +6, Stealth+++) [Jiyva's grace]
 24305 | Orc:2    | Lost mutation: You expend magic power (3 MP) to strengthen
                  | your wands. [Jiyva's grace]
 24305 | Orc:2    | Gained mutation: You have large cloven feet. [Jiyva's
                  | grace]
 24305 | Orc:2    | Gained mutation: You have hoof-like feet. [Jiyva's grace]
 24305 | Orc:2    | Gained mutation: You have hooves in place of feet. [Jiyva's
                  | grace]
 24305 | Orc:2    | Gained mutation: You are very agile. (Dex +8, Str/Int -2)
                  | [Jiyva's grace]
 24482 | Elf:1    | Entered Level 1 of the Elven Halls
 24532 | Elf:1    | Reached ***** piety under Jiyva
 25052 | Elf:1    | Got Gekleu's Parchment of Leadership
 25062 | Elf:1    | Paralysed by an air elemental for 1 turns
 25140 | Elf:1    | XOM: swap monsters
 25152 | Elf:1    | Identified the +5 hand axe of Laceration {drain, Will+
                  | Int+3 Dex+4}
 25232 | Elf:1    | Reached ****** piety under Jiyva
 25374 | Elf:1    | XOM: draining
 25442 | Elf:1    | Lost mutation: You have hooves in place of feet. [Jiyva's
                  | grace]
 25442 | Elf:1    | Lost mutation: You are mostly covered in iridescent scales.
                  | (AC +4) [Jiyva's grace]
 25442 | Elf:1    | Lost mutation: You are partially covered in large bone
                  | plates. (SH +4) [Jiyva's grace]
 25442 | Elf:1    | Lost mutation: You are resistant to electric shocks.
                  | (rElec) [Jiyva's grace]
 25442 | Elf:1    | Gained mutation: You possess an exceptional clarity of
                  | mind. [Jiyva's grace]
 25442 | Elf:1    | Gained mutation: You are partially covered in large bone
                  | plates. (SH +4) [Jiyva's grace]
 25442 | Elf:1    | Gained mutation: You are mostly covered in large bone
                  | plates. (SH +6) [Jiyva's grace]
 25442 | Elf:1    | Gained mutation: You are completely covered in large bone
                  | plates. (SH +8) [Jiyva's grace]
 25521 | Elf:2    | Reached skill level 5 in Evocations
 25612 | Elf:2    | Found a runed translucent gate.
 25613 | Elf:2    | Found a runed translucent gate.
 25613 | Elf:2    | Found a runed translucent gate.
 25628 | Elf:2    | Paralysed by an air elemental for 1 turns
 26064 | Elf:2    | Reached skill level 10 in Invocations
 26068 | Elf:2    | XOM: cleaving
 26133 | Elf:2    | Noticed Azrael
 26151 | Elf:2    | Killed Azrael
 26387 | Elf:2    | Reached XP level 17. HP: 159/159 MP: 22/24
 26525 | Elf:2    | Noticed a Hell Sentinel
 26528 | Elf:2    | Reached skill level 17 in Fighting
 26528 | Elf:2    | HP: 7/161 [hellion/damnation[a deep elf high priest] (19)]
 26547 | Elf:2    | Found Kasafuro's Weapon Shoppe.
 26551 | Elf:2    | HP: 3/161 [deep elf annihilator/crystal spear[a deep elf
                  | high priest] (69)]
 26566 | Elf:2    | XOM: god gift: wand of digging (5)
 26658 | Elf:2    | XOM: give mutations
 26658 | Elf:2    | Lost mutation: You have hoof-like feet. [Xom's mischief]
 26658 | Elf:2    | Lost mutation: You are completely covered in large bone
                  | plates. (SH +8) [Xom's mischief]
 26658 | Elf:2    | Lost mutation: You have large cloven feet. [Xom's mischief]
 26710 | Elf:2    | Paralysed by an orc sorcerer for 5 turns
 26740 | Elf:3    | Entered Level 3 of the Elven Halls
 26787 | Elf:3    | Reached skill level 18 in Fighting
 26883 | Elf:3    | Noticed a deep elf blademaster
 26893 | Elf:3    | Noticed a deep elf master archer
 26916 | Elf:3    | Killed a deep elf blademaster
 26929 | Elf:3    | Killed a deep elf master archer
 26936 | Elf:3    | XOM: swap monsters
 26946 | Elf:3    | Reached skill level 19 in Fighting
 27013 | Elf:3    | Noticed a deep elf master archer
 27016 | Elf:3    | Noticed a deep elf blademaster
 27017 | Elf:3    | Identified the +5 broad axe of Teig {flame, rCorr Int+3}
 27044 | Elf:3    | Killed a deep elf blademaster
 27048 | Elf:3    | Killed a deep elf master archer
 27055 | Elf:3    | Reached skill level 20 in Fighting
 27068 | Elf:3    | Noticed a Brimstone Fiend
 27106 | Elf:3    | XOM: 3-stop teleportation journey
 27130 | Elf:3    | Identified the ring of Duowym {Int+2 SInv}
 27134 | Elf:3    | Noticed a Hell Sentinel
 27251 | Elf:3    | Identified the +4 spear of Rubbish {vorpal, *Noise Will++}
 27267 | Elf:3    | Identified the +2 dagger of Conflict {vorpal, rPois}
 27285 | Elf:3    | Identified the ring of Tirenib {Ice rCorr Str+4}
 27341 | Elf:3    | Identified the +1 buckler of Yredelemnul's Outrage {+Blink}
 27470 | Elf:3    | Reached skill level 21 in Fighting
 27507 | Elf:3    | Identified the +6 scimitar of Collusion {vorpal, rN+ MP+9
                  | Str+4}
 27550 | Elf:3    | Identified the ring "Vurhi" {Contam *Slow rN+++ Int+6 SInv}
 27631 | Elf:3    | Noticed Asterion
 27655 | Elf:3    | Killed Asterion
 27881 | Elf:3    | Lost mutation: You have a moderately thin skeletal
                  | structure. (Dex +4, Stealth++) [Jiyva's grace]
 27881 | Elf:3    | Lost mutation: You are somewhat resistant to further
                  | mutation. [Jiyva's grace]
 27881 | Elf:3    | Gained mutation: Your spells are a little harder to cast,
                  | but a little more powerful. [Jiyva's grace]
 27881 | Elf:3    | Gained mutation: Your spells are harder to cast, but more
                  | powerful. [Jiyva's grace]
 27881 | Elf:3    | Gained mutation: Your spells are much harder to cast, but
                  | much more powerful. [Jiyva's grace]
 27881 | Elf:3    | Gained mutation: You have acidic saliva. [Jiyva's grace]
 27913 | Elf:3    | XOM: silly message
 28110 | Elf:3    | XOM: silly message
 28488 | Orc:1    | Voluntarily entered the Abyss.
 28529 | Abyss:1  | Reached skill level 10 in Axes
 28533 | Abyss:1  | Found a corrupted altar of Lugonu.
 28621 | Abyss:1  | Reached XP level 18. HP: 182/182 MP: 18/19
 28806 | Abyss:1  | XOM: give mutations
 28806 | Abyss:1  | Gained mutation: You are weak. (Str -2) [Xom's mischief]
 28806 | Abyss:1  | Gained mutation: You are very weak. (Str -4) [Xom's
                  | mischief]
 28806 | Abyss:1  | Lost mutation: You have a somewhat thin skeletal structure.
                  | (Dex +2, Stealth+) [Xom's mischief]
 28821 | Abyss:1  | Found a viscous altar of Jiyva.
 28857 | Abyss:1  | Gained mutation: Your magical capacity is very low. (-20%
                  | MP) [a neqoxec]
 28865 | Abyss:1  | Found a viscous altar of Jiyva.
 28865 | Abyss:1  | Found a viscous altar of Jiyva.
 28870 | Abyss:1  | Noticed a bone dragon
 29062 | Abyss:2  | Lost mutation: You are mostly covered in large bone plates.
                  | (SH +6) [Jiyva's grace]
 29062 | Abyss:2  | Lost mutation: Your magical capacity is low. (-10% MP)
                  | [Jiyva's grace]
 29062 | Abyss:2  | Lost mutation: You are very weak. (Str -4) [Jiyva's grace]
 29062 | Abyss:2  | Lost mutation: You are weak. (Str -2) [Jiyva's grace]
 29062 | Abyss:2  | Gained mutation: Your muscles are strong. (Str +4, Int/Dex
                  | -1) [Jiyva's grace]
 29062 | Abyss:2  | Gained mutation: Your muscles are very strong. (Str +8,
                  | Int/Dex -2) [Jiyva's grace]
 29062 | Abyss:2  | Gained mutation: You have hidden genetic potential.
                  | [Jiyva's grace]
 29262 | Abyss:2  | Lost mutation: Your muscles are very strong. (Str +8,
                  | Int/Dex -2) [a neqoxec]
 29316 | Abyss:3  | Found a corrupted altar of Lugonu.
 29316 | Abyss:3  | Noticed a hellephant
 29316 | Abyss:3  | XOM: chaos upgrade
 29325 | Abyss:3  | Got an abyssal rune of Zot
 29326 | Abyss:3  | Noticed a hellephant
 29577 | Abyss:3  | XOM: chaos cloud
 29666 | Orc:1    | Escaped the Abyss
 29790 | Spider:1 | Entered Level 1 of the Spider Nest
 29896 | Spider:1 | Lost mutation: You are very agile. (Dex +8, Str/Int -2)
                  | [Jiyva's grace]
 29896 | Spider:1 | Lost mutation: Your spells are much harder to cast, but
                  | much more powerful. [Jiyva's grace]
 29896 | Spider:1 | Lost mutation: Your spells are harder to cast, but more
                  | powerful. [Jiyva's grace]
 29896 | Spider:1 | Lost mutation: You have acidic saliva. [Jiyva's grace]
 29896 | Spider:1 | Gained mutation: Your body has grown eyes which may confuse
                  | attackers. (Acc +3) [Jiyva's grace]
 29896 | Spider:1 | Gained mutation: Your body has grown many eyes which may
                  | confuse attackers. (Acc +5) [Jiyva's grace]
 29896 | Spider:1 | Gained mutation: Your body is covered in eyes which may
                  | confuse attackers. (Acc +7, SInv) [Jiyva's grace]
 29896 | Spider:1 | Gained mutation: You passively map a small area around you.
                  | [Jiyva's grace]
 29925 | Spider:1 | Identified the +1 pair of gloves of Twilight {Str+6 Int-4}
 30233 | Spider:1 | XOM: summons 13 hostile demons
 30426 | Spider:2 | Reached skill level 15 in Axes
 30431 | Spider:2 | Identified the ring of Lugonu, Brewing {Wiz Will+ Int+3
                  | SInv}
 30954 | Spider:3 | Noticed Aizul
 30972 | Spider:3 | Killed Aizul
 31261 | Spider:3 | XOM: give mutations
 31261 | Spider:3 | Lost mutation: You are agile. (Dex +4, Str/Int -1) [Xom's
                  | mischief]
 31261 | Spider:3 | Lost mutation: Your muscles are strong. (Str +4, Int/Dex
                  | -1) [Xom's mischief]
 31349 | Spider:3 | XOM: give mutations
 31349 | Spider:3 | Lost mutation: You have hidden genetic potential. [Xom's
                  | mischief]
 31349 | Spider:3 | Lost mutation: You passively map a small area around you.
                  | [Xom's mischief]
 31349 | Spider:3 | Gained mutation: You are mostly covered in large bone
                  | plates. (SH +6) [Xom's mischief]
 31349 | Spider:3 | Gained mutation: You occasionally lose the ability to drink
                  | potions when taking damage. [Xom's mischief]
 31388 | Spider:3 | XOM: noise
 31394 | Spider:4 | Entered Level 4 of the Spider Nest
 31433 | Spider:4 | Lost mutation: You are mostly covered in large bone plates.
                  | (SH +6) [Jiyva's grace]
 31433 | Spider:4 | Lost mutation: You possess an exceptional clarity of mind.
                  | [Jiyva's grace]
 31433 | Spider:4 | Lost mutation: You occasionally lose the ability to drink
                  | potions when taking damage. [Jiyva's grace]
 31433 | Spider:4 | Gained mutation: You have a somewhat thin skeletal
                  | structure. (Dex +2, Stealth+) [Jiyva's grace]
 31433 | Spider:4 | Gained mutation: You have a moderately thin skeletal
                  | structure. (Dex +4, Stealth++) [Jiyva's grace]
 31433 | Spider:4 | Gained mutation: You have an unnaturally thin skeletal
                  | structure. (Dex +6, Stealth+++) [Jiyva's grace]
 31433 | Spider:4 | Gained mutation: You have a small jelly attached to you
                  | that may absorb projectiles. [Jiyva's grace]
 31567 | Spider:4 | Reached XP level 19. HP: 103/186 MP: 26/26
 31824 | Spider:4 | HP: 5/188 [ghost moth (12)]
 31824 | Spider:4 | Slain by a ghost moth

Illustrated notes

Levels and vault maps discovered:
D:1:      heliophobic_arrival_henge, layout_loops_corners,
          dreamdust_ecumenical_altar_sealed_demon
D:2:      layout_basic, hangedman_feature_mirror
D:3:      cheibrodos_old_hovel, layout_basic, mainiacjoe_overflow_catwalk,
          portal_sewer_entry_a
D:4:      due_chaos_kobolds, layout_layer_cave, general_overflow_altar,
          kiku_gazebo_pond_becter, nicolae_wu_jian_immortal_techniques,
          uniq_pikel
D:5:      layout_cave_pools, uniq_sigmund
D:6:      layout_cave_pools, nicolae_gozag_seed_capital,
          minmay_temple_entry_grid, minmay_diced_spiral
D:7:      layout_basic, enter_bailey_5, ebering_ghost_disaster_area,
          serial_shops, shop
D:8:      layout_loops_corners, cheibrodos_ashenzari_chains, old_standard_altar,
          ebering_ghost_inner_flame, uniq_psyche, uniq_joseph
D:9:      layout_basic, fedhas_altar_2, minmay_lair_entry_grove, orc_0_dummy
D:10:     layout_loops_ring, amcnicky_altar_gilded, ldierk_geyser
D:11:     layout_rooms, uniq_urug, uniq_gastronok
D:12:     layout_loops_ring, nicolae_figureground_sparkle
D:13:     layout_long_grid, gammafunk_ghost_split, serial_undead,
          serial_undead_e, serial_undead_f, serial_undead_c, serial_undead_a,
          serial_undead_d, serial_undead_a
Lair:1:   dreamdust_cave_troll, layout_gridlike, lemuel_oklob_altar,
          uniq_amaemon
Lair:2:   layout_cave_pods, hellmonk_spider_entry_life_and_decay,
          disabler_island
Lair:3:   layout_long_grid, skrybe_swamp_entry_bodies, serial_forest,
          infiniplex_forest_end_3, infiniplex_forest_straight_2,
          infiniplex_forest_lined_room_, infiniplex_forest_join,
          infiniplex_forest_end_2, uniq_nergalle, uniq_kirke, uniq_rupert
Lair:4:   cheibrodos_lair_river_kwai, layout_regular_city,
          minmay_slime_entry_oklob_enclosed, gauntlet_entry_generic
Lair:5:   wormcave, layout_big_grid
Spider:1: layout_spider_delve, drop_trap
Spider:2: layout_spider_delve
Spider:3: layout_spider_delve, hangedman_spider_tarantella_strand, uniq_aizul
Spider:4: grunt_spider_rune_parallel
Orc:1:    layout_caves, serial_shops, shop, amcnicky_altar_lugonu_corruption
Orc:2:    grunt_orc_gardens, layout_caves, grunt_orc_garden, grunt_orc_garden,
          grunt_orc_garden, grunt_orc_garden
Elf:1:    elf_arrival_001, layout_onion_city, minmay_elf_demonology
Elf:2:    nicolae_elf_blades_crystal_corner, layout_loops_corners, serial_shops,
          nicolae_diamond_shop, uniq_azrael
Elf:3:    grunt_elf_hall_branching, layout_gridlike, grunt_megastairs_4,
          uniq_asterion

Skill      XL: |  1  2  3  4  5  6  7  8  9 10 11 12 13 14 15 16 17 18 19 |
---------------+----------------------------------------------------------+-----
Axes           | 4 5 6 7 8 9 10 15 | 15.2
Polearms       | 6 10 13 14 15 16 | 16.4
Fighting       | 12 13 16 21 | 21.2
Armour         | 10 12 14 | 14.2
Shields        | 9 16 17 19 20 | 20.2
Invocations    | 4 10 | 10.8
Evocations     | 2 6 |  6.8
Dodging        | |  1.1

Action                   |  1- 3 |  4- 6 |  7- 9 | 10-12 | 13-15 | 16-18 | 19-21 || total
-------------------------+-------+-------+-------+-------+-------+-------+-------++-------
Melee: Hand axe          |    85 |   167 |     7 |       |       |       |       ||   259
       Headbutt          |    15 |    17 |    19 |   131 |   303 |   303 |    24 ||   812
       Punch             |       |     2 |       |     3 |       |       |       ||     5
       Kick              |       |    18 |    27 |    33 |       |    53 |       ||   131
       Trident           |       |       |   203 |   635 |  1221 |   854 |       ||  2913
       Peck              |       |       |       |       |   178 |       |       ||   178
       Broad axe         |       |       |       |       |       |   496 |       ||   496
       Bite              |       |       |       |       |       |    39 |       ||    39
       War axe           |       |       |       |       |       |    42 |    79 ||   121
Throw: Dart              |       |       |       |     2 |     2 |       |       ||     4
       Throwing net      |       |       |       |     2 |     4 |       |       ||     6
Invok: Oozemancy         |       |       |       |       |       |    10 |       ||    10
 Abil: Evoke Blink       |       |       |       |     1 |       |       |       ||     1
Evoke: Piece from Xom's  |       |       |     4 |     3 |       |       |       ||     7
       Wand              |       |       |       |     1 |     2 |     1 |       ||     4
       Phantom mirror    |       |       |       |       |       |     1 |       ||     1
  Use: Scroll            |       |     8 |     5 |     7 |     7 |     8 |       ||    35
       Potion            |       |     4 |     1 |     6 |     3 |     6 |       ||    20
 Stab: Invisible         |       |       |     1 |     4 |       |       |       ||     5
       Petrifying        |       |       |     1 |     2 |       |       |       ||     3
       Paralysed         |       |       |     1 |       |     2 |     1 |       ||     4
       Sleeping          |       |       |     1 |       |     1 |       |       ||     2
       Confused          |       |       |       |     5 |     8 |    30 |    18 ||    61
       Petrified         |       |       |       |     8 |       |       |       ||     8
       Distracted        |       |       |       |     1 |     2 |       |       ||     3
       Held in net/web   |       |       |       |     1 |     4 |       |       ||     5
Armor: Leather armour    |    33 |    67 |    54 |       |       |       |       ||   154
       Plate armour      |       |       |    23 |   235 |   203 |   329 |    87 ||   877
       Ice dragon scales |       |       |       |       |   117 |    18 |       ||   135
Dodge: Dodged            |    38 |   103 |    85 |   110 |   147 |   148 |    42 ||   673
Block: Other             |       |       |    15 |    55 |       |       |       ||    70
       Tower shield      |       |       |       |   162 |  1266 |  1813 |   171 ||  3412

Table legend: (Time is in decaauts)
 A = Elapsed time spent in this place.
 B = Non-inter-level travel time spent in this place.
 C = Inter-level travel time spent in this place.
 D = Time resting spent in this place.
 E = Time spent auto-exploring this place.
 F = Levels seen in this place.
 G = Mean time per level.
                   A        B        C        D        E       F      G
               +--------+--------+--------+--------+--------+-----+--------+
         Total |  30993 |  29471 |   1522 |   2550 |  20015 |  34 |  911.6 |
       Dungeon |  13755 |  13080 |    675 |   1471 |   9647 |  13 | 1058.1 |
          Lair |   7028 |   6627 |    401 |    172 |   5134 |   5 | 1405.6 |
   Spider Nest |   1974 |   1949 |     25 |      0 |   1293 |   4 |  493.5 |
  Orcish Mines |   1417 |   1253 |    164 |      0 |    894 |   2 |  708.5 |
   Elven Halls |   3569 |   3313 |    256 |     19 |   2241 |   3 | 1189.7 |
         Abyss |   1229 |   1229 |      0 |      0 |    284 |   4 |  307.2 |
         Sewer |    864 |    864 |      0 |    315 |    286 |   1 |  864.0 |
        Bailey |    623 |    623 |      0 |    382 |     75 |   1 |  623.0 |
      Gauntlet |    529 |    529 |      0 |    191 |    159 |   1 |  529.0 |
               +--------+--------+--------+--------+--------+-----+--------+

Top non-repeatable levels by time:
    D:13: 1838 daAuts
  Lair:1: 1811 daAuts
    D:11: 1712 daAuts
     D:4: 1535 daAuts
  Lair:2: 1476 daAuts
  Lair:3: 1460 daAuts
   Elf:3: 1368 daAuts
  Lair:4: 1301 daAuts
     D:9: 1228 daAuts
   Elf:2: 1160 daAuts
     D:8: 1145 daAuts
     D:1: 1054 daAuts
   Elf:1: 1040 daAuts
     D:7: 1009 daAuts
  Lair:5: 979 daAuts
